 Dungeon Crawl Stone Soup version 0.31-a0-795-g5eb97db20b (webtiles) character file.

Game seed: 12370716496992958715

10 cforsyth the Sneak (level 2, 0/25 HPs)
             Began as a Djinni Delver on Sept 18, 2023.
             Slain by an orc
             ... wielding a +0 falchion
              (5 damage)
             ... on level 5 of the Dungeon.
             The game lasted 00:00:33 (279 turns).

cforsyth the Sneak (Djinni Delver)                   Turns: 279, Time: 00:00:34

Health: 0/25       AC:  3    Str: 11    XL:     2   Next: 30%
Gold:   0          EV: 12    Int: 11    God:
                   SH:  0    Dex: 14

rFire   + + .        a - +0 falchion
rCold   x . .        (no shield)
rNeg    . . .        b - +0 leather armour
rPois   ∞            (no helmet)
rElec   .            (no cloak)
rCorr   .            (no gloves)
SInv    .            (boots unavailable)
Will    .....        (no amulet)
Stlth   ++           (no ring)
HPRegen 0.24/turn    (no ring)
MPRegen 0.00/turn

%: infuse magic (-1 HP)
@: flying
A: sickness immunity, fire resistance 2, cold vulnerability 1, float, innate
caster, HP casting, extra vitality 1
a: no special abilities


You were on level 5 of the Dungeon.
You visited 1 branch of the dungeon, and saw 1 of its levels.

Inventory:

Hand Weapons
 a - a +0 falchion (weapon)
Armour
 b - a +0 leather armour (worn)
Wands
 g - a wand of digging (3)
Scrolls
 c - a scroll of fog
 d - a scroll of revelation
 e - a scroll of identify {unknown}
 h - a scroll of vulnerability {unknown}
 i - a scroll of immolation {unknown}
Potions
 f - a potion of haste
 j - a potion of curing {unknown}


   Skills:
 + Level 3.3 Fighting
 - Level 1.7 Long Blades
 - Level 2.1 Dodging
 - Level 4.1 Stealth
 + Level 0.7 Spellcasting
 + Level 0.7 Conjurations
 + Level 0.7 Hexes
   Level 0.0 Charms
 + Level 0.7 Summonings
 + Level 0.7 Necromancy
 + Level 0.7 Translocations
 + Level 0.7 Transmutations
 + Level 0.7 Fire Magic
 + Level 0.7 Ice Magic
 + Level 0.7 Air Magic
 + Level 0.7 Earth Magic
 + Level 0.7 Poison Magic You didn't know any spells. Your spell library was empty.

Dungeon Overview and Level Annotations

Branches:
Dungeon (5/15)
 Temple: D:4-7

Altars:


Innate Abilities, Weirdness & Mutations

You are immune to sickness and miasma.
You are immune to poison.
Your flesh is very heat resistant. (rF++)
You are vulnerable to cold. (rC-)
You float through the air rather than walking.
You learn spells naturally, not from books.
Your magical power is your life essence.
You have superior vitality. (+4 MHP)


Message History

The adder is severely wounded.
The adder misses you. The adder bites you but does no damage.
You hit the adder.
You kill the adder!
You have reached level 2!
A jelly comes into view.
A jelly is nearby!
The jelly quivers.
An orc comes into view. It is wielding a +0 falchion.
The orc shouts!
You hit the jelly. The acid corrodes you!
Your hands burn!
The jelly is moderately wounded.
The jelly completely misses you.
You hit the jelly. The acid corrodes you!
Your hands burn!
The jelly is heavily wounded.
The jelly closely misses you.
You hit the jelly. The acid corrodes you!
Your hands burn!
The jelly is heavily wounded.
The jelly barely misses you.
You hit the jelly. The acid corrodes you!
Your hands burn!
* * * LOW HITPOINT WARNING * * *
The jelly is severely wounded.
The jelly barely misses you. x2
As you read the scroll of fear, it crumbles to dust.
You assume a fearsome visage.
The jelly looks frightened!
The orc looks frightened!
The orc begs for mercy.
Cornered, the orc turns to fight!
Found a scroll labelled BERPHU FI UWU.
You see here a scroll labelled BERPHU FI UWU.
e - a scroll labelled BERPHU FI UWU A scorpion comes into view.
You are no longer corroded.
You hit the orc but do no damage. The orc hits you with a +0 falchion.
You hit the orc but do no damage. The orc barely misses you.
You barely miss the orc. The orc hits you with a +0 falchion.
You closely miss the orc. The orc hits you with a +0 falchion!
* * * LOW HITPOINT WARNING * * *
You closely miss the orc. The orc hits you with a +0 falchion.
You die...

#.# #.# #o#
#.# #.# #.#
#.# #.# #.#
#.#
###########.#
#.#
.......o....#
#.#
..###########
#o# ..# #@#
..# #.# ..#
#..s...# ..#
######.# ..#
.... .....
#....


You could see an orc.

Vanquished Creatures
  An adder (D:5)
  A quokka (D:5)
2 creatures vanquished.

Notes
Turn   | Place    | Note
-------+----------+-------------------------------------------
     0 | D:5      | cforsyth the Djinni Delver began the quest for the Orb.
     0 | D:5      | Reached XP level 1. HP: 20/20 MP: 0/0
   118 | D:5      | Reached XP level 2. HP: 4/25 MP: 0/0
   273 | D:5      | Noticed a scorpion
   279 | D:5      | Slain by an orc

Illustrated notes

Levels and vault maps discovered:
D:5:      layout_basic, minmay_misc_feat_square

Action                     || total
---------------------------++-------
  Melee: Falchion          ||    23
    Use: Scroll            ||     1
   Stab: Sleeping          ||     2
 Armour: Leather armour    ||    15
  Dodge: Dodged            ||    14

Table legend: (Time is in decaauts)
 A = Elapsed time spent in this place.
 B = Non-inter-level travel time spent in this place.
 C = Inter-level travel time spent in this place.
 D = Time resting spent in this place.
 E = Time spent auto-exploring this place.
 F = Levels seen in this place.
 G = Mean time per level.
                   A        B        C        D        E       F      G
               +--------+--------+--------+--------+--------+-----+--------+
         Total |    283 |    283 |      0 |      0 |    172 |   1 |  283.0 |
       Dungeon |    283 |    283 |      0 |      0 |    172 |   1 |  283.0 |
               +--------+--------+--------+--------+--------+-----+--------+

Top non-repeatable levels by time:
     D:5: 283 daAuts
